 Dungeon Crawl Stone Soup version 0.28-a0-1152-g9c71ebef14 (webtiles) character file.

Game seed: 2773109784600937044

2 spaghetti the Sneak (level 1, -2/16 HPs)
             Began as an Octopode Delver on Dec 14, 2021.
             Slain by a bullfrog skeleton (6 damage)
             ... on level 6 of the Dungeon.
             The game lasted 00:00:48 (344 turns).

spaghetti the Sneak (Octopode Delver)                Turns: 344, Time: 00:00:49

Health: -2/16      AC:  1    Str: 11    XL:     1   Next: 30%
Magic:  1/1        EV: 13    Int: 12    God:
Gold:   8          SH:  0    Dex: 13    Spells: 0/0 levels left

rFire   . . .      SeeInvis +   a - +1 hand axe {axe}
rCold   . . .      Faith    .   (no shield)
rNeg    . . .      Spirit   .   (helmet restricted)
rPois   .          Reflect  .   (no amulet)
rElec   .          Harm     .   g - ring of see invisible
rCorr   .          Rampage  .   i - ring of willpower
Will    +....                   (no ring)
Stlth   ++++......              (no ring)
HPRegen 0.05/turn               (no ring)
MPRegen 0.07/turn               (no ring)
                                (no ring)
                                (no ring)

@: hasted, very quick
A: almost no armour, amphibious, 8 rings, camouflage 1, gelatinous body 1,
(nimble swimmer 1), tentacles
a: no special abilities


You were on level 6 of the Dungeon.
You visited 1 branch of the dungeon, and saw 3 of its levels.

You collected 8 gold pieces.


Innate Abilities, Weirdness & Mutations

You cannot wear most types of armour.
You are amphibious.
You can wear up to eight rings at the same time.
Your skin changes colour to match your surroundings (Stealth+).
Your rubbery body absorbs attacks. (AC +1, EV +1)
((You are camouflaged near water. (Stealth+)))
You have tentacles for arms and can constrict up to eight enemies at once.


   Skills:
 - Level 3.0 Fighting
 - Level 2.0 Axes
 - Level 2.0 Dodging
 + Level 6.7 Stealth


You couldn't memorise any spells.
You didn't know any spells.
Your spell library was empty.

Inventory:

Hand Weapons
 a - a +1 hand axe (weapon) {axe}
Missiles
 c - 18 stones (quivered) {throwing}
Jewellery
 g - a ring of see invisible (left tentacle)
   (You found it on level 6 of the Dungeon)
 i - a ring of willpower (right tentacle)
   (You found it on level 7 of the Dungeon)
Wands
 f - a wand of digging (3)
Scrolls
 b - a scroll of fog
 d - a scroll of fear

Dungeon Overview and Level Annotations

Branches:
Dungeon (7/15)
 Temple: D:4-7

Altars:
Qazlal

Annotations:
D:5 Dowan

#.. ##...
......#####
..#.#.#.#.##
..........@#
..#......Z##
...........#
#.#...)...##
.......>...#
..#.......##
#.........#
#.#.#.#.#.##
........###


You could see a bullfrog skeleton.


Message History

There is a stone staircase leading up here.
A necrophage is nearby!
Unknown command.
Unknown command.
Unknown command.
Okay, then.
Unknown command.
A howler monkey skeleton comes into view.
A scorpion comes into view.
A bullfrog zombie comes into view.
Found a stone staircase leading down.
The bullfrog zombie closely misses you.
The howler monkey skeleton barely misses you.
The bullfrog zombie closely misses you.
You see here a ring of see invisible.
g - a ring of see invisible The bullfrog zombie hits you.
The bullfrog zombie closely misses you.
The howler monkey skeleton misses you. 😮 HP[-4]
You take 4 damage, and now have 12/16 hp.
MASSIVE DAMAGE!! (PAUSE) Unknown command.
The bullfrog zombie hits you.
* * * LOW HITPOINT WARNING * * *
😨 HP[-5]
You take 5 damage, and now have 7/16 hp.
MASSIVE DAMAGE!! (PAUSE) Unknown command.
There is a stone staircase leading down here.
The bullfrog zombie closely misses you. The howler monkey skeleton hits you.
* * * LOW HITPOINT WARNING * * *
You climb downwards.
There is a stone staircase leading up here. 😱 HP[-4]
You take 4 damage, and now have 3/16 hp.
MASSIVE DAMAGE!! (PAUSE) Unknown command.
Unknown command.
Unknown command.
Unknown command.
Okay, then.
You start resting.
An orc comes into view.
It is wielding a +1 dagger of speed. 😮 HP[+8]
You regained 8 hp, and now have 11/16 hp.
Okay, then.
g - a ring of see invisible (left tentacle) 😮 HP[+1] Unknown command.
h - a scroll labelled SIMOQOQYOF An orc wizard comes into view.
It is wielding a +0 dagger of speed.
There are no items here.
An orc comes into view. It is wielding a +0 club.
Found an escape hatch in the floor.
Found a stone staircase leading up. 😎 HP[+4]
Your hp is fully restored (16).
i - a ring of willpower
i - a ring of willpower (right tentacle)
A jelly comes into view.
A bullfrog zombie comes into view.
You see here 8 gold pieces.
You now have 8 gold pieces.
There is a stone staircase leading up here.
You climb upwards.
There is a stone staircase leading down here.
Unknown command.
Unknown command.
Unknown command.
The helpless orc fails to defend itself.
You hit the orc. You grab the orc. You constrict the orc.
You kill the orc!
The iguana hisses angrily.
The bullfrog skeleton misses you.
Okay, then.
Unknown command.
As you read the scroll labelled SIMOQOQYOF, it crumbles to dust.
It is a scroll of enchant weapon.
Your +0 hand axe {axe} glows red for a moment.
The iguana misses you.
The bullfrog skeleton hits you. 😮 HP[-6]
You take 6 damage, and now have 10/16 hp.
MASSIVE DAMAGE!! (PAUSE) Unknown command.
Unknown command.
Okay, then.
The bullfrog skeleton completely misses you. 😮 HP[+1]
The bullfrog skeleton hits you. 😮 HP[-1]
You take 1 damage, and now have 10/16 hp.
The bullfrog skeleton hits you.
* * * LOW HITPOINT WARNING * * *
😱 HP[-6]
You take 6 damage, and now have 4/16 hp.
MASSIVE DAMAGE!! (PAUSE) Unknown command.
Okay, then.
You feel yourself speed up. The bullfrog skeleton hits you.
You die...

Action                   || total
-------------------------++-------
Melee: Hand axe          ||     1
       Constrict         ||     1
  Use: Scroll            ||     2
       Potion            ||     1
 Stab: Sleeping          ||     1
Dodge: Dodged            ||     9

Levels and vault maps discovered:
D:5:      gammafunk_cloud_chamber, layout_loops_ring,
          nicolae_overflow_crystal_walls, minmay_gold_behind_fungi,
          grunt_ministairs_1, feat_on_display, uniq_edmund, uniq_ijyb,
          uniq_duvessa
D:6:      layout_cave_pools, minmay_misc_feat_encased,
          minmay_misc_feat_four_crosses, st_stairs_4, guppyfry_shop_venom
D:7:      layout_basic, minmay_increasing_density

Notes
Turn   | Place    | Note
-------+----------+-------------------------------------------
     0 | D:5      | spaghetti the Octopode Delver began the quest for the Orb.
     0 | D:5      | Reached XP level 1. HP: 16/16 MP: 1/1
     0 | D:5      | magus.rc [v1.9.6]
    18 | D:5      | Found a stormy altar of Qazlal.
    31 | D:5      | Noticed Dowan
    52 | D:6      | Noticed a necrophage
    55 | D:6      | Noticed a scorpion
    71 | D:6      | HP: 3/16 [howler monkey skeleton (4)]
   243 | D:7      | Noticed an orc wizard
   329 | D:7      | Noticed a jelly
   335 | D:7      | Found the +3 sling "Punk" {acid, rCorr}
   337 | D:6      | Noticed an iguana
   342 | D:6      | HP: 4/16 [bullfrog skeleton (6)]
   344 | D:6      | Slain by a bullfrog skeleton

Vanquished Creatures
  An orc (D:6)
1 creature vanquished.

Table legend:
 A = Non-vault XP
 B = Vault XP
 C = Vault XP percentage of total XP
 D = Non-vault monster count
 E = Vault monster count
 F = Vault count percentage of total count
                 A         B        C        D         E       F
            +---------+---------+-------+---------+---------+-------
      Total |       0 |       3 | 100.0 |       0 |       1 | 100.0
            +---------+---------+-------+---------+---------+-------
        D:6 |       0 |       3 | 100.0 |       0 |       1 | 100.0
            +---------+---------+-------+---------+---------+-------

Illustrated notes

Table legend:
 A = Kills in this place as a percentage of kills in entire the game.
 B = Kills by you in this place as a percentage of kills by you in the entire game.
 C = Kills by friends in this place as a percentage of kills by friends in the entire game.
 D = Other kills in this place as a percentage of other kills in the entire game.
 E = Experience gained in this place as a percentage of experience gained in the entire game.
 F = Experience gained in this place divided by the number of levels of this place that you have seen.
                   A       B       C       D       E      F
               +-------+-------+-------+-------+-------+----------------------
         Total | 100.0 | 100.0 |   N/A |   N/A | 100.0 |   1.0
       Dungeon | 100.0 | 100.0 |   N/A |   N/A | 100.0 |   1.0
               +-------+-------+-------+-------+-------+----------------------

Table legend: (Time is in decaauts)
 A = Elapsed time spent in this place.
 B = Non-inter-level travel time spent in this place.
 C = Inter-level travel time spent in this place.
 D = Time resting spent in this place.
 E = Time spent auto-exploring this place.
 F = Levels seen in this place.
 G = Mean time per level.
                   A        B        C        D        E       F      G
               +--------+--------+--------+--------+--------+-----+--------+
         Total |    343 |    329 |     14 |    167 |     94 |   3 |  114.3 |
       Dungeon |    343 |    329 |     14 |    167 |     94 |   3 |  114.3 |
               +--------+--------+--------+--------+--------+-----+--------+

Top non-repeatable levels by time:
     D:7: 263 daAuts
     D:5: 52 daAuts
     D:6: 27 daAuts
